 Dungeon Crawl Stone Soup version 0.20-a0-1006-ge6c5631 (webtiles) character file.

12431 Hybris the Cleaver (level 12, -7/87 HPs)
             Began as a Human Fighter on Apr 13, 2017.
             Was an Elder of Wu Jian.
             Mangled by a ten-headed hydra (9 damage)
             ... on level 9 of the Dungeon.
             The game lasted 00:33:03 (12617 turns).

Hybris the Cleaver (Human Fighter)                 Turns: 12617, Time: 00:33:03

Health: -7/87      AC: 13    Str: 26    XL:     12   Next: 20%
Magic:  0/14       EV:  8    Int: 18    God:    Wu Jian [****..]
Gold:   38         SH: 14    Dex: 24    Spells: 8/11 levels left

rFire    x . .     SeeInvis +   n - +2 hand axe (elec)
rCold    . . .     Gourm    .   c - +2 shield
rNeg     . . .     Faith    .   Q - +4 scale mail "Hemp" {rF- Regen+ rCorr Dex+6}
rPois    .         Spirit   +   (no helmet)
rElec    .         Reflect  .   A - scarf {repulsion}
rCorr    +         Harm     .   (no gloves)
MR       .....                  L - +0 pair of boots
Stlth    +.........             E - amulet of guardian spirit
Regen    0.7/turn               I - ring of Jaryosy {*Drain Int+10 Slay+3}
MPRegen  0.2/turn               K - ring of see invisible

@: mighty, repel missiles
A: molten scales 1, agile 2, frail 1
a: Serpent's Lash, Renounce Religion


You were on level 9 of the Dungeon.
You worshipped Wu Jian.
Wu Jian was greatly pleased with you.
You were not hungry.

You visited 4 branches of the dungeon, and saw 14 of its levels.

You collected 728 gold pieces.
You spent 690 gold pieces at shops.

Inventory:

Hand Weapons
 k - a +1 vampiric hand axe
 n - a +2 hand axe of electrocution (weapon)
 O - a cursed +5 hand axe
 P - a cursed +4 war axe
 R - a +2 shortbow of velocity (quivered)
Missiles
 S - 112 arrows
Armour
 c - a +2 shield (worn)
 t - a +2 pair of gloves
 A - a scarf of repulsion (worn)
 L - a +0 pair of boots (worn)
 N - a +0 cloak of invisibility
 Q - the +4 scale mail "Hemp" (worn) {rF- Regen+ rCorr Dex+6}
   (You bought it in a shop on level 10 of the Dungeon)

   It affects your dexterity (+6).
   It makes you vulnerable to fire.
   It increases your rate of regeneration.
   It protects you from acid and corrosion.
Jewellery
 b - an uncursed ring of fire
 z - an uncursed ring of poison resistance
 E - an amulet of guardian spirit (around neck)
 I - the ring of Jaryosy (left hand) {*Drain Int+10 Slay+3}
   (You found it on level 8 of the Dungeon)

   [ring of slaying]

   It affects your intelligence (+10).
   It affects your accuracy and damage with ranged weapons and melee attacks
   (+3).
   It causes draining when unequipped.
 K - a ring of see invisible (right hand)
Wands
 D - a wand of disintegration (15/24)
 H - a wand of lightning (7/15)
Scrolls
 h - 5 scrolls of teleportation
 o - 4 scrolls of identify
 p - 4 scrolls of recharging
 F - a scroll of silence
Potions
 a - 2 potions of ambrosia
 d - a potion of might
 e - 6 potions of curing
 g - a potion of brilliance {unknown}
 j - 2 potions of heal wounds
 m - 2 potions of lignification
 q - a potion of flight {unknown}
 r - a potion of cancellation {unknown}
 s - 10 potions of degeneration
 u - 2 potions of mutation
 C - a potion of berserk rage {unknown}
 G - a potion of invisibility
 T - 2 potions of agility
Books
 x - a book of Necromancy

   Spells                             Type                      Level
   a - Pain                           Necromancy                   1
   b - Animate Skeleton               Necromancy                   1
   c - Vampiric Draining              Necromancy                   3
   d - Regeneration                   Charms/Necromancy            3
   e - Animate Dead                   Necromancy                   4
   f - Control Undead                 Necromancy                   4
 B - a book of Conjurations

   Spells                             Type                      Level
   a - Magic Dart                     Conjuration                  1
   b - Searing Ray                    Conjuration                  2
   c - Dazzling Spray                 Conjuration/Hexes            3
   d - Fulminant Prism                Conjuration/Hexes            4
   e - Force Lance                    Conjuration/Translocation    4
   f - Iskenderun's Mystic Blast      Conjuration                  4
Comestibles
 f - 4 bread rations
 i - 12 chunks of flesh
 l - 5 royal jellies
 v - 9 fruits
 w - 9 meat rations


   Skills:
 + Level 10.2 Fighting
   Level 2.3 Long Blades
 * Level 13.1 Axes
 - Level 3.0 Armour
 * Level 6.2 Shields
 - Level 5.1 Charms
 - Level 3.7 Evocations


You had 8 spell levels left.
You knew the following spells:

 Your Spells              Type           Power        Failure   Level  Hunger
a - Regeneration          Chrm/Necr      #.........   98%         3    ####...


Dungeon Overview and Level Annotations

Branches:
Dungeon (11/15)            Temple (1/1) D:5            Lair (1/6) D:9
    Orc (1/2) D:11

Altars:
Ashenzari
Cheibriados
Dithmenos
Elyvilon
Fedhas
Gozag
Hepliaklqana
Kikubaaqudgha
Makhleb
Nemelex Xobeh
Okawaru
Qazlal
Ru
Sif Muna
Trog
Uskayaw
Vehumet
Wu Jian
Xom
Yredelemnul
Zin
The Shining One

Shops:
D:5 *?(*[   D:10 [


Innate Abilities, Weirdness & Mutations

You are partially covered in molten scales. (AC +2)
You are very agile. (Dex +4)
You are frail. (-10% HP)


Message History

The ten-headed hydra bites you!
* * * LOW HITPOINT WARNING * * *
The ten-headed hydra bites you but does no damage.
The ten-headed hydra bites you!
* * * LOW HITPOINT WARNING * * *
The ten-headed hydra bites you but does no damage.
You block the ten-headed hydra's attack.
The ten-headed hydra bites you!
* * * LOW HITPOINT WARNING * * *
The ten-headed hydra bites you but does no damage.
The ten-headed hydra bites you.
* * * LOW HITPOINT WARNING * * *
Things that are here:
a giant spiked club; a giant club
As you read the scroll of fear, it crumbles to dust.
You assume a fearsome visage.
The ten-headed hydra easily resists.
The ten-headed hydra bites you but does no damage.
You block the ten-headed hydra's attack.
The ten-headed hydra bites you!
You die...

#.###'######.###.# #...
#............([#.# ####
####........##'#.# ##########
#........#....# #.......##
#........#....# #.......##
##########....# #.......##
#...>..##....#####.......##
#..รทรท..##....[[[['.......##
#......'..@D..####)......##
#......#####..# #.......##
#......# #..# #.........
#......#####..####.......##
#..........#..#............
#.......##.#..#.###########
#.......#.....#.#
######..####.##.# ##
#..#..).##.# #.


You could see a ten-headed hydra.

Vanquished Creatures
  2 two-headed ogres
  An unseen horror (D:11)
  An ugly thing (D:11)
  Maurice (D:8)
  A black mamba (D:9)
  Joseph (D:8)
  A rime drake (D:9)
  A komodo dragon (D:9)
  A troll (D:10)
  2 slime creatures (D:7)
  4 hippogriffs
  2 wyverns
  5 yaks
  Grum (D:11)
  A hungry ghost (D:9)
  A porcupine (D:9)
  A water moccasin (Lair:1)
  6 orc warriors
  A swamp drake (D:11)
  5 ice beasts
  A sky beast (D:11)
  4 phantoms
  A black bear (D:6)
  6 ogres
  5 centaurs
  4 wolves
  2 big kobolds (D:7)
  3 bullfrogs
  A gnoll sergeant (D:9)
  A wyvern skeleton (D:11)
  5 scorpions
  5 wights (D:9)
  A howler monkey (D:6)
  7 crimson imps
  2 bullfrog zombies
  5 hounds
  4 orc priests
  11 jellies
  A bullfrog skeleton (D:6)
  4 iguanas
  14 orc wizards
  9 worker ants
  A hound skeleton (D:11)
  2 hound zombies
  A worker ant zombie (D:5)
  9 adders
  11 gnolls
  3 shadow imps
  10 oozes
  An adder skeleton (D:5)
  An adder zombie (D:5)
  2 worms (D:3)
  6 leopard geckos
  51 orcs
  3 bats
  2 giant cockroaches
  9 goblins
  5 hobgoblins
  17 jackals
  6 quokkas
  3 frilled lizards (D:2)
  A jackal skeleton (D:5)
  15 kobolds
  A quokka skeleton (D:8)
  8 rats
  A fungus (D:7)
304 creatures vanquished.

Vanquished Creatures (others)
  An orc (D:11)
  8 toadstools (D:7)
9 creatures vanquished.

Grand Total: 313 creatures vanquished

Notes
Turn   | Place    | Note
-------+----------+-------------------------------------------
     0 | D:1      | Hybris the Human Fighter began the quest for the Orb.
     0 | D:1      | Reached XP level 1. HP: 18/18 MP: 1/1
   551 | D:1      | Reached XP level 2. HP: 23/24 MP: 2/2
   690 | D:2      | Reached skill level 1 in Axes
   722 | D:2      | Reached XP level 3. HP: 26/29 MP: 3/3
   749 | D:2      | Found a radiant altar of Vehumet.
   754 | D:2      | Reached skill level 2 in Axes
   787 | D:2      | Found an opulent altar of Gozag.
   992 | D:2      | Reached XP level 4. HP: 32/35 MP: 4/4
  1266 | D:3      | Noticed an ice beast
  1368 | D:2      | Killed an ice beast
  1368 | D:2      | Reached skill level 3 in Axes
  1368 | D:2      | Reached XP level 5. HP: 10/42 MP: 5/5
  1600 | D:3      | Reached skill level 4 in Axes
  1600 | D:3      | Reached XP level 6. HP: 49/49 MP: 6/6
  2140 | D:4      | Found a shadowy altar of Dithmenos.
  2206 | D:4      | Noticed an orc warrior
  2214 | D:4      | Killed an orc warrior
  2214 | D:4      | Reached skill level 5 in Axes
  2214 | D:4      | Reached XP level 7. HP: 26/55 MP: 7/7
  2832 | D:4      | Reached skill level 5 in Fighting
  2931 | D:4      | Reached skill level 6 in Axes
  3075 | D:4      | Reached XP level 8. HP: 45/63 MP: 8/8
  3396 | D:5      | Entered Level 5 of the Dungeon
  3660 | D:5      | Found Udokadij's Weapon Boutique.
  3727 | D:5      | Found Vavvurch's Armour Boutique.
  3764 | D:5      | Found a shimmering altar of Xom.
  3784 | D:5      | Found Viedough's Assorted Antiques.
  3791 | D:5      | Gained mutation: You are frail. (-10% HP) [potion of mutation]
  3791 | D:5      | Gained mutation: Your body sometimes deteriorates upon taking damage. [potion of mutation]
  3791 | D:5      | Gained mutation: Your magical capacity is low. (-10% MP) [potion of mutation]
  3791 | D:5      | Gained mutation: Your muscles are strong. (Str +2) [potion of mutation]
  3793 | D:5      | Reached skill level 7 in Axes
  3863 | D:5      | Lost mutation: Your magical capacity is low. (-10% MP) [potion of mutation]
  3863 | D:5      | Lost mutation: Your body sometimes deteriorates upon taking damage. [potion of mutation]
  3863 | D:5      | Lost mutation: Your muscles are strong. (Str +2) [potion of mutation]
  3863 | D:5      | Gained mutation: You are agile. (Dex +2) [potion of mutation]
  3863 | D:5      | Gained mutation: You are partially covered in molten scales. (AC +2) [potion of mutation]
  3863 | D:5      | Gained mutation: You are very agile. (Dex +4) [potion of mutation]
  3868 | D:5      | Bought a potion of curing for 72 gold pieces
  3868 | D:5      | Bought a scroll labeled HENAEFA ZUCZA for 24 gold pieces
  3868 | D:5      | Bought a scroll labeled VOCINN SUILOJ for 24 gold pieces
  3868 | D:5      | Bought a scroll labeled ONITARCH JOBAU for 24 gold pieces
  3868 | D:5      | Bought a potion of curing for 72 gold pieces
  4199 | D:5      | Found Cumiod's Magic Scroll Emporium.
  4252 | D:5      | Found a staircase to the Ecumenical Temple.
  4295 | D:5      | Found Gion Fouc's General Store.
  4314 | Temple   | Entered the Ecumenical Temple
  4380 | Temple   | Became a worshipper of the Wu Jian Council
  4969 | D:5      | Learned a level 3 spell: Regeneration
  5105 | D:6      | Reached skill level 8 in Axes
  5105 | D:6      | Reached skill level 1 in Charms
  5202 | D:6      | Reached XP level 9. HP: 61/63 MP: 9/9
  6238 | D:6      | Reached skill level 9 in Axes
  6730 | D:7      | Reached * piety under Wu Jian
  7371 | D:7      | Found a glowing golden altar of the Shining One.
  7842 | D:7      | Noticed a slime creature
  7843 | D:7      | Noticed a slime creature
  7850 | D:7      | Reached skill level 10 in Axes
  7850 | D:7      | Reached XP level 10. HP: 54/71 MP: 8/10
  7862 | D:7      | Reached ** piety under Wu Jian
  8316 | D:8      | Got a clouded marble ring
  8355 | D:8      | Found a burning altar of Makhleb.
  8356 | D:8      | Noticed Joseph
  8390 | D:8      | Identified the ring of Jaryosy {*Drain Int+10 Slay+3} (You found it on level 8 of the Dungeon)
  8431 | D:8      | Killed Joseph
  8628 | D:8      | Noticed Maurice
  8797 | D:8      | Killed Maurice
  8797 | D:8      | Reached skill level 11 in Axes
  8797 | D:8      | Reached skill level 5 in Charms
  8931 | D:8      | Found a hide-covered altar of Uskayaw.
  9050 | D:9      | Found a deep blue altar of Sif Muna.
  9420 | D:9      | Reached skill level 1 in Evocations
  9818 | D:9      | Reached *** piety under Wu Jian
  9954 | D:9      | Found a staircase to the Lair.
  9988 | D:9      | Reached XP level 11. HP: 79/80 MP: 10/12
 10134 | D:10     | Entered Level 10 of the Dungeon
 10211 | D:10     | Reached skill level 12 in Axes
 10254 | D:10     | Found Mainer's Antique Armour Shop.
 10343 | D:10     | Bought a pitted scale mail for 324 gold pieces
 10478 | D:10     | Identified the +4 scale mail "Hemp" {rF- Regen+ rCorr Dex+6} (You bought it in a shop on level 10 of the Dungeon)
 10622 | D:11     | Found a staircase to the Orcish Mines.
 10627 | D:11     | Reached **** piety under Wu Jian
 10948 | D:11     | Noticed a two-headed ogre
 10962 | D:11     | Killed a two-headed ogre
 11049 | D:11     | Noticed Grum
 11054 | D:11     | Killed Grum
 11099 | D:11     | Noticed a green ugly thing
 11121 | D:11     | Killed a green ugly thing
 11827 | D:5      | Bought a scroll of identify for 30 gold pieces
 11827 | D:5      | Bought a scroll of identify for 30 gold pieces
 11827 | D:5      | Bought a scroll of identify for 30 gold pieces
 11827 | D:5      | Bought a scroll of identify for 30 gold pieces
 11827 | D:5      | Bought a scroll of identify for 30 gold pieces
 12016 | D:11     | Noticed an unseen horror
 12030 | D:11     | Killed an unseen horror
 12030 | D:11     | Reached skill level 5 in Shields
 12092 | D:11     | Reached skill level 10 in Fighting
 12111 | Orc:1    | Entered Level 1 of the Orcish Mines
 12211 | Lair:1   | Entered Level 1 of the Lair of Beasts
 12211 | Lair:1   | Noticed a seven-headed hydra
 12218 | D:9      | Reached XP level 12. HP: 47/87 MP: 7/14
 12432 | D:9      | Reached skill level 13 in Axes
 12556 | D:9      | Noticed a two-headed ogre
 12565 | D:9      | Killed a two-headed ogre
 12616 | D:9      | HP: 2/87 [ten-headed hydra (12)]
 12617 | D:9      | Mangled by a ten-headed hydra

Vault maps used:
D:1:      minmay_arrival_checkered_box
D:2:      lemuel_crystal_altar, first_bread,
          nicolae_gozag_cash_rules_everything_around_me
D:3:      kennysheep_generic_room_6
D:4:      lemuel_crystal_altar, due_unseen_surprise
D:5:      lemuel_round_altar, temple_statues, serial_shops, kennysheep_mini,
          nicolae_shop_waterfront, shop, shop_statue, shop
D:7:      cheibrodos_fertilizer, lemuel_crystal_altar
D:8:      overflow_temple_1_default, bloody_makhleb, hangedman_decor_riveting,
          uniq_maurice, uniq_joseph
D:9:      lair_entry_dummy, led_sif_book
D:10:     serial_shops, nicolae_shop_waterfront
D:11:     erik_orc_1, uniq_grum
Temple:   kb_temple_of_zot
Lair:1:   cheibrodos_lair_reptile_den, grunt_megastairs_2,
          infiniplex_staircase_pool_2, serial_bayou_shore_b, lemuel_fruit_tree,
          serial_bayou_shore_b, lemuel_fruit_fields
Orc:1:    nicolae_for_you_no_charge, uniq_urug

Skill      XL: |  1  2  3  4  5  6  7  8  9 10 11 12 |
---------------+-------------------------------------+-----
Axes           | 1 2 3 4 5 6 8 10 11 12 13 | 13.1
Fighting       | 4 5 6 7 9 10 | 10.2
Charms         | 1 3 5 |  5.1
Evocations     | 2 3 |  3.7
Shields        | 5 6 |  6.2
Long Blades    | |  2.3
Armour         | |  3.0

Action                   |  1- 3 |  4- 6 |  7- 9 | 10-12 || total
-------------------------+-------+-------+-------+-------++-------
Melee: Long sword        |    11 |       |       |       ||    11
       Hand axe          |    39 |    93 |   331 |   423 ||   886
  Use: Scroll            |       |     6 |     8 |    16 ||    30
       Potion            |       |       |     3 |     4 ||     7
 Stab: Sleeping          |       |       |     2 |       ||     2
       Distracted        |       |       |       |     1 ||     1
       Confused          |       |       |       |     1 ||     1
  Eat: Chunk             |       |     4 |    18 |    11 ||    33
       Royal jelly       |       |       |       |     1 ||     1
       Bread ration      |       |       |       |     1 ||     1
Armor: Scale mail        |    15 |    40 |     1 |    72 ||   128
       Plate armour      |       |       |   149 |       ||   149
       Ring mail         |       |       |     4 |    72 ||    76
Dodge: Dodged            |    12 |    30 |    34 |   111 ||   187
       Deflected         |       |       |     2 |     6 ||     8
Block: Shield            |    24 |    53 |   119 |   177 ||   373
